 Dungeon Crawl Stone Soup version 0.26-b1-32-g5d43845318 (webtiles) character file.

Game seed: 15709383730147424373

83 Aviak the Conjurer (level 4, 0/21 HPs)
             Began as a Vine Stalker Conjurer on Jan 10, 2021.
             Splashed by Ijyb's acid (12 damage)
             ... on level 4 of the Dungeon.
             The game lasted 00:03:03 (2944 turns).

Aviak the Conjurer (Vine Stalker Conjurer)          Turns: 2944, Time: 00:03:04

Health: 0/21       AC:  0    Str: 10    XL:     4   Next: 44%
Magic:  0/10       EV: 11    Int: 19    God:
Gold:   149        SH:  0    Dex: 12    Spells: 3/10 levels left

rFire    . . .     SeeInvis .   e - +2 whip (drain)
rCold    . . .     Faith    .   (no shield)
rNeg     . . .     Spirit   +   h - +0 leather armour
rPois    .         Reflect  .   i - +0 helmet
rElec    .         Harm     .   (no cloak)
rCorr    .         Rampage  .   (no gloves)
Will     .....                  (no boots)
Stlth    ++........             (no amulet)
HPRegen  0.47/turn              (no ring)
MPRegen  0.12/turn              (no ring)

@: corroded
A: fangs 2, regeneration 1, magic shield, antimagic bite, no potion heal 3
a: no special abilities


You were on level 4 of the Dungeon.
You visited 1 branch of the dungeon, and saw 4 of its levels.

You collected 149 gold pieces.

Inventory:

Hand Weapons
 b - a +0 club
 d - a +0 dagger
 e - a +2 whip of draining (weapon)
Armour
 a - a +0 robe
 h - a +0 leather armour (worn)
 i - a +0 helmet (worn)
Jewellery
 f - a +6 ring of strength
Wands
 j - a wand of polymorph (1)
Scrolls
 g - a scroll of enchant weapon {unknown}
 k - 2 scrolls of teleportation {unknown}
 l - 2 scrolls of remove curse {unknown}
 m - 3 scrolls of identify {unknown}
 n - a scroll of blinking {unknown}
 o - a scroll of magic mapping {unknown}
Potions
 c - a potion of brilliance {unknown}


   Skills:
 - Level 1.5 Dodging
 - Level 2.4 Stealth
 + Level 3.6 Spellcasting
 + Level 5.0 Conjurations


You had 3 spell levels left.
You knew the following spells:

 Your Spells              Type           Power        Failure   Level
a - Magic Dart            Conj           88%          2%          1
b - Searing Ray           Conj           44%          3%          2
c - Fulminant Prism       Conj/Hex       6%           56%         4

Your spell library contained the following spells:

 Spells                   Type           Power        Failure   Level
 Summon Small Mammal      Summ           12%          21%         1
 Conjure Flame            Conj/Fire      12%          22%         3
 Dazzling Flash           Conj/Hex       24%          22%         3
 Blink                    Tloc           N/A          30%         2
 Call Imp                 Summ           3%           30%         2
 Slow                     Hex            3%           30%         2
 Mephitic Cloud           Conj/Pois/Air  9%           30%         3
 Call Canine Familiar     Summ           3%           52%         3
 Summon Guardian Golem    Hex/Summ       3%           52%         3
 Iskenderun's Mystic Bla  Conj/Tloc      12%          56%         4
 Summon Ice Beast         Ice/Summ       3%           89%         4
 Summon Lightning Spire   Summ/Air       3%           89%         4


Dungeon Overview and Level Annotations

Branches:
Dungeon (4/15)
 Temple: D:4-7

Altars:
Nemelex Xobeh

Annotations:
D:4 Ijyb


Innate Abilities, Weirdness & Mutations

You have extremely sharp teeth.
Your natural rate of healing is unusually fast.
When hurt, damage is shared between your health and your magic reserves.
Your bite disrupts and absorbs the magic of your enemies.
Potions cannot restore your health.


Message History

Ijyb hits you with a +0 club.
You hit Ijyb. Your bite misses Ijyb.
Ijyb is lightly wounded.
Ijyb hits you but does no damage.
Casting: Searing Ray (safe; 3% risk of failure)
Confirm with . or Enter, or press ? or * to list all spells.
Aiming: Searing Ray (safe; 3% risk of failure)
Press: ? - help, Shift-Dir - straight line The searing ray misses Ijyb. (Press . to maintain the ray.) Ijyb hits you but does no damage.
The searing ray hits Ijyb!
Ijyb is heavily wounded.
Ijyb hits you with a +0 club.
The searing ray hits Ijyb!
Ijyb is severely wounded.
Ijyb zaps a wand.
The bolt of acid hits you! The acid corrodes you!
You are splashed with acid!
Ouch! That really hurt!
You die...

########## #........#
#........# #........#
#........#
#######.......@#
#>.............g......
#.##.##........#######
#................
#....#.#.....####
#.#.##.#.....#
#+#....'.....#
....##.##...^.#
....#...+.....#


You could see Ijyb.

Vanquished Creatures
  2 adders (D:2)
  An ooze (D:1)
  A dart slug (D:2)
  2 leopard geckos (D:2)
  5 orcs (D:3)
  3 giant cockroaches
  7 hobgoblins
  5 kobolds
  9 bats
  6 frilled lizards
  7 goblins
  5 rats (D:1)
53 creatures vanquished.

Notes
Turn   | Place    | Note
-------+----------+-------------------------------------------
     0 | D:1      | Aviak the Vine Stalker Conjurer began the quest for the
                  | Orb.
     0 | D:1      | Reached XP level 1. HP: 9/9 MP: 4/4
   307 | D:1      | Reached XP level 2. HP: 13/13 MP: 3/6
   925 | D:1      | Found a sparkling altar of Nemelex Xobeh.
  1059 | D:2      | Reached XP level 3. HP: 5/16 MP: 3/8
  1067 | D:1      | Learned a level 2 spell: Searing Ray
  1879 | D:2      | Gained mutation: Your natural rate of healing is unusually
                  | fast. [Vine Stalker growth]
  1879 | D:2      | Reached XP level 4. HP: 16/21 MP: 3/10
  1892 | D:2      | Learned a level 4 spell: Fulminant Prism
  2519 | D:3      | Reached skill level 5 in Conjurations
  2936 | D:4      | Noticed Ijyb
  2944 | D:4      | Splashed by Ijyb's acid

Illustrated notes

Levels and vault maps discovered:
D:1:      tarquinn_simple_flora_water_c, layout_basic,
          nemelex_diamond_rough_becter
D:2:      layout_loops_ring
D:3:      layout_basic, nrook_loot_triangle
D:4:      layout_basic, uniq_ijyb

Skill      XL: |  1  2  3  4 |
---------------+-------------+-----
Spellcasting   | 3 |  3.6
Conjurations   | 5 |  5.0
Dodging        | |  1.5
Stealth        | |  2.4

Action                   |  1- 3 |  4- 6 || total
-------------------------+-------+-------++-------
Melee: Club              |     2 |       ||     2
       Unarmed           |     2 |       ||     2
       Bite              |    10 |     3 ||    13
       Dagger            |    20 |       ||    20
       Whip              |    40 |    25 ||    65
 Cast: Magic Dart        |    21 |       ||    21
       Searing Ray       |     2 |     2 ||     4
  Use: Potion            |     1 |       ||     1
 Stab: Sleeping          |     2 |       ||     2
Armor: Robe              |     9 |       ||     9
       Leather armour    |     8 |     9 ||    17
Dodge: Dodged            |    44 |    11 ||    55
